 Dungeon Crawl Stone Soup version 0.27-a0-61-g21144fbd99 (webtiles) character file.

Game seed: 15447839233292403707

1801 robertstho the Agent of Entropy (level 8, 0/65 HPs)
             Began as a Demonspawn Abyssal Knight on Jan 8, 2021.
             Was a Priest of Lugonu.
             Slain by an orc warrior
             ... wielding a +0 short sword
              (9 damage)
             ... on level 6 of the Dungeon.
             The game lasted 00:09:00 (6702 turns).

robertstho the Agent of Entropy (DsAK)              Turns: 6702, Time: 00:09:00

Health: 0/65       AC: 14    Str: 14    XL:     8   Next: 83%
Magic:  11/11      EV:  4    Int: 14    God:    Lugonu [***...]
Gold:   279        SH:  0    Dex: 13    Spells: 7/7 levels left

rFire    . . .     SeeInvis .   p - +2 short sword (venom)
rCold    . . .     Faith    .   (no shield)
rNeg     . . .     Spirit   .   d - +0 plate armour
rPois    .         Reflect  .   (no helmet)
rElec    .         Harm     .   (no cloak)
rCorr    .         Rampage  .   y - +0 pair of gloves
Will     .....                  j - +0 pair of boots
Stlth    ..........             (no amulet)
HPRegen  0.20/turn              (no ring)
MPRegen  0.12/turn              (no ring)

@: no status effects
A: talons 2, low mp 1, screaming 1, spiny 1, miasma immunity, MP-powered wands
a: Renounce Religion, Depart the Abyss, Bend Space, Banish


You were on level 6 of the Dungeon.
You worshipped Lugonu.
Lugonu was most pleased with you.
You visited 1 branch of the dungeon, and saw 6 of its levels.
You visited the Abyss 1 time.

You collected 279 gold pieces.

Inventory:

Hand Weapons
 a - a +1 hand axe
 l - a +0 hunting sling
 p - a +2 short sword of venom (weapon)
 z - a +1 hand axe of pain
Missiles
 h - 210 stones
 m - 102 arrows
 n - 10 boomerangs
 q - 34 poisoned darts
 v - a throwing net
 C - 4 javelins
 H - 9 bolts
Armour
 d - a +0 plate armour (worn)
 j - a +0 pair of boots (worn)
 y - a +0 pair of gloves (worn)
Wands
 r - a wand of digging (8)
Scrolls
 b - 4 scrolls of remove curse {unknown}
 f - 2 scrolls of enchant armour {unknown}
 g - 2 scrolls of amnesia
 k - a scroll of random uselessness {unknown}
 o - 3 scrolls of enchant weapon
 u - a scroll of fog {unknown}
 w - a scroll of magic mapping {unknown}
 x - a scroll of immolation
 D - a scroll of identify
 G - a scroll of fear {unknown}
Potions
 c - a potion of heal wounds
 e - a potion of might
 i - a potion of cancellation
 s - 2 potions of brilliance
 t - a potion of haste
 A - 2 potions of curing
 E - a potion of attraction {unknown}
 F - a potion of ambrosia


   Skills:
 * Level 6.4 Fighting
 + Level 4.5 Short Blades
 + Level 3.4 Axes
 + Level 1.6 Slings
 + Level 5.2 Armour
 + Level 1.1 Dodging
 * Level 6.9 Invocations


You had 7 spell levels left.
You didn't know any spells.
Your spell library contained the following spells:

 Spells                   Type           Power        Failure   Level
 Animate Skeleton         Necr           0%           100%        1
 Apportation              Tloc           0%           100%        1
 Corona                   Hex            0%           100%        1
 Magic Dart               Conj           0%           100%        1
 Summon Small Mammal      Summ           0%           100%        1
 Blink                    Tloc           N/A          100%        2
 Call Imp                 Summ           0%           100%        2
 Ensorcelled Hibernation  Hex/Ice        0%           100%        2
 Slow                     Hex            0%           100%        2
 Confusing Touch          Hex            0%           100%        3
 Conjure Flame            Conj/Fire      0%           100%        3
 Dazzling Flash           Conj/Hex       0%           100%        3
 Mephitic Cloud           Conj/Pois/Air  0%           100%        3
 Tukima's Dance           Hex            0%           100%        3


Dungeon Overview and Level Annotations

Branches:
Dungeon (6/15)             Temple (0/1) D:4

Altars:
Elyvilon
Gozag
Makhleb
Nemelex Xobeh
Trog
Xom

Shops:
D:4 :

Annotations:
D:6 Menkaure


Innate Abilities, Weirdness & Mutations

You have razor-sharp toenails.
You are partially covered in sharp spines.
You are immune to miasma.
Your magical capacity is low. (-10% MP)
You occasionally shout uncontrollably at your foes.
You expend magic power (3 MP) to strengthen your wands.


Message History

The orc warrior is heavily wounded.
The orc warrior hits you with a +0 short sword.
Your plate armour prevents you from hitting the orc warrior.
The orc warrior is heavily wounded.
Something hits you but does no damage.
The orc warrior is struck by your spines.
The orc warrior hits you with a +0 short sword!
* * * LOW HITPOINT WARNING * * *
You closely miss the orc warrior.
The orc warrior is severely wounded.
Something hits you.
* * * LOW HITPOINT WARNING * * *
Something hits you.
* * * LOW HITPOINT WARNING * * *
The orc warrior hits you with a +0 short sword.
* * * LOW HITPOINT WARNING * * *
Something hits you but does no damage.
You hit something but do no damage. Something hits you but does no damage.
The orc warrior hits you with a +0 short sword!
You die...

.............).....#
..#####............#
#............##
#.............#
#........)....#
##########....#
#....# #.o..# #@...#
######


You could see an orc warrior (poisoned).

Vanquished Creatures
  Grinder (D:5)
  Sigmund (D:2)
  Edmund (D:4)
  An ice beast (D:5)
  4 ogres
  3 scorpions
  6 orc priests
  A jelly (D:5)
  Crazy Yiuf (D:2)
  A hound (D:4)
  5 orc wizards
  Jessica (D:3)
  Ijyb (D:3)
  Terence (D:2)
  A worker ant (D:4)
  A hound zombie (D:5)
  A hound skeleton (D:4)
  Robin (D:2)
  6 gnolls
  A worker ant zombie (D:5)
  5 adders
  A shadow imp (D:5)
  An ooze (D:4)
  6 worms
  8 leopard geckos
  11 orcs
  2 giant cockroaches (D:1)
  18 goblins
  12 hobgoblins
  11 jackals
  A quokka (D:4)
  2 bats (D:1)
  2 frilled lizards (D:3)
  A jackal skeleton (D:4)
  7 kobolds
  5 rats
132 creatures vanquished.

Notes
Turn   | Place    | Note
-------+----------+-------------------------------------------
     0 | Abyss:1  | robertstho the Demonspawn Abyssal Knight began the quest
                  | for the Orb.
     0 | Abyss:1  | Reached XP level 1. HP: 18/18 MP: 2/2
     1 | Abyss:1  | Found a corrupted altar of Lugonu.
    49 | Abyss:1  | Found a corrupted altar of Lugonu.
    88 | Abyss:1  | Noticed a wraith
    93 | D:1      | Escaped the Abyss
   548 | D:1      | Reached * piety under Lugonu
   642 | D:1      | Gained mutation: You are immune to miasma. [demonic
                  | ancestry]
   642 | D:1      | Reached XP level 2. HP: 24/24 MP: 3/3
  1127 | D:1      | Gained mutation: You occasionally shout uncontrollably at
                  | your foes. [potion of mutation]
  1127 | D:1      | Gained mutation: Your magical capacity is low. (-10% MP)
                  | [potion of mutation]
  1127 | D:1      | Gained mutation: You expend magic power (3 MP) to
                  | strengthen your wands. [potion of mutation]
  1386 | D:2      | Noticed Terence
  1394 | D:2      | Killed Terence
  1395 | D:2      | Reached XP level 3. HP: 28/30 MP: 4/4
  1533 | D:2      | Noticed Sigmund
  1544 | D:2      | Killed Sigmund
  1545 | D:2      | Reached skill level 1 in Dodging
  1545 | D:2      | Reached XP level 4. HP: 20/38 MP: 4/6
  1545 | D:2      | Gained mutation: You have sharp toenails. [demonic
                  | ancestry]
  1545 | D:2      | Reached XP level 5. HP: 23/43 MP: 4/7
  1956 | D:2      | Noticed Robin
  1973 | D:2      | Reached ** piety under Lugonu
  1978 | D:2      | Killed Robin
  2286 | D:2      | Found an opulent altar of Gozag.
  2389 | D:2      | Found a runed translucent door.
  2390 | D:2      | Noticed Crazy Yiuf
  2543 | D:2      | Killed Crazy Yiuf
  2544 | D:2      | Gained mutation: You have razor-sharp toenails. [demonic
                  | ancestry]
  2544 | D:2      | Reached XP level 6. HP: 49/49 MP: 8/8
  2999 | D:3      | Found a sparkling altar of Nemelex Xobeh.
  3258 | D:3      | Noticed Jessica
  3262 | D:3      | Killed Jessica
  3263 | D:3      | Reached skill level 1 in Short Blades
  3282 | D:3      | Noticed Ijyb
  3294 | D:3      | Killed Ijyb
  3777 | D:3      | Found a burning altar of Makhleb.
  3779 | D:3      | Found a white marble altar of Elyvilon.
  3780 | D:3      | Found a shimmering altar of Xom.
  4011 | D:4      | Reached skill level 5 in Invocations
  4011 | D:4      | Reached XP level 7. HP: 28/55 MP: 9/9
  4167 | D:4      | Reached skill level 5 in Fighting
  4551 | D:4      | Found a staircase to the Ecumenical Temple.
  4591 | D:4      | Reached *** piety under Lugonu
  4729 | D:4      | Noticed Edmund
  4733 | D:5      | Entered Level 5 of the Dungeon
  4733 | D:5      | Found a bloodstained altar of Trog.
  5114 | D:4      | Killed Edmund
  5115 | D:4      | Gained mutation: You are partially covered in sharp spines.
                  | [demonic ancestry]
  5115 | D:4      | Reached XP level 8. HP: 36/56 MP: 11/11
  5712 | D:4      | Found Laill's Book Shoppe.
  5772 | D:5      | Noticed Grinder
  5778 | D:5      | Paralysed by Grinder for 5 turns
  5781 | D:5      | Killed Grinder
  6239 | D:6      | Reached skill level 5 in Armour
  6290 | D:6      | Noticed Menkaure
  6306 | D:5      | Reached skill level 1 in Slings
  6702 | D:6      | Slain by an orc warrior

Illustrated notes

Levels and vault maps discovered:
D:1:      dpeg_arrival_morbid_curiosity, layout_basic, kennysheep_small_spiral
D:2:      layout_basic, lemuel_coloured_pillars_altar, uniq_robin, uniq_sigmund,
          uniq_terence, uniq_crazy_yiuf_cottage
D:3:      layout_basic, minitemple, grunt_ministairs_2,
          minmay_misc_feat_columns, kennysheep_decorative_pillar,
          nemelex_altar_shiori, uniq_ijyb, uniq_jessica
D:4:      layout_basic, minmay_temple_entry_metal_lava, serial_shops,
          kennysheep_mini_moat, minmay_misc_feat_rows, uniq_edmund
D:5:      layout_rooms, bloody_trog, uniq_grinder
D:6:      layout_basic, uniq_maggie, uniq_menkaure

Skill      XL: |  1  2  3  4  5  6  7  8 |
---------------+-------------------------+-----
Axes           | 2 3 |  3.4
Armour         | 2 3 4 5 |  5.2
Invocations    | 3 4 5 6 |  6.9
Fighting       | 4 5 6 |  6.4
Dodging        | 1 |  1.1
Short Blades   | 1 3 4 |  4.5
Slings         | 1 |  1.6

Action                   |  1- 3 |  4- 6 |  7- 9 || total
-------------------------+-------+-------+-------++-------
Melee: Hand axe          |    75 |       |       ||    75
       Short sword       |    26 |   179 |   217 ||   422
 Fire: Hunting sling     |       |       |     6 ||     6
Invok: Depart the Abyss  |     1 |       |       ||     1
Evoke: Wand              |       |       |     1 ||     1
  Use: Scroll            |     4 |       |     8 ||    12
       Potion            |     4 |       |     5 ||     9
Armor: Plate armour      |   109 |   194 |   161 ||   464
Dodge: Dodged            |    21 |    50 |    37 ||   108

Table legend: (Time is in decaauts)
 A = Elapsed time spent in this place.
 B = Non-inter-level travel time spent in this place.
 C = Inter-level travel time spent in this place.
 D = Time resting spent in this place.
 E = Time spent auto-exploring this place.
 F = Levels seen in this place.
 G = Mean time per level.
                   A        B        C        D        E       F      G
               +--------+--------+--------+--------+--------+-----+--------+
         Total |   6738 |   6535 |    203 |    411 |   4990 |   7 |  962.6 |
       Dungeon |   6645 |   6442 |    203 |    411 |   4922 |   6 | 1107.5 |
         Abyss |     93 |     93 |      0 |      0 |     68 |   1 |   93.0 |
               +--------+--------+--------+--------+--------+-----+--------+

Top non-repeatable levels by time:
     D:2: 1415 daAuts
     D:4: 1406 daAuts
     D:3: 1373 daAuts
     D:1: 1299 daAuts
     D:5: 999 daAuts
     D:6: 150 daAuts
 Abyss:1: 93 daAuts
